 Dungeon Crawl Stone Soup version 0.22-a0-407-gb098539 (webtiles) character file.

7 theanonym the Vexing (level 1, 0/15 HPs)
             Began as a Mummy Enchanter on May 9, 2018.
             Slain by a kobold (2 damage)
             ... on level 1 of the Dungeon.
             The game lasted 00:01:33 (588 turns).

theanonym the Vexing (Mummy Enchanter)               Turns: 588, Time: 00:01:34

Health: 0/15       AC:  6    Str: 11    XL:     1   Next: 83%
Magic:  4/4        EV:  9    Int: 14    God:
Gold:   35         SH:  0    Dex: 12    Spells: 4/5 levels left

rFire    x . .     SeeInvis .   a - +1 dagger
rCold    + . .     Gourm    .   (no shield)
rNeg     + + +     Faith    .   e - +0 scale mail
rPois    ∞         Spirit   .   (no helmet)
rElec    .         Reflect  .   (no cloak)
rCorr    .         Harm     .   (no gloves)
MR       .....                  (no boots)
Stlth    +.........             (no amulet)
HPRegen  0.05/turn              (no ring)
MPRegen  0.09/turn              (no ring)

@: no status effects
A: no food or potions, fire vulnerability, cold resistance 1, negative energy
resistance 3, torment resistance, unbreathing
a: no special abilities


Innate Abilities, Weirdness & Mutations

You do not eat or drink.
Your flesh is vulnerable to fire.
You are immune to poison.
Your flesh is cold resistant. (rC+)
You are immune to negative energy. (rN+++)
You are immune to unholy pain and torment.
You can survive without breathing.


   Skills:
 + Level 1.0 Fighting
 - Level 0.7 Short Blades
 * Level 0.6 Maces & Flails
 - Level 1.5 Dodging
 - Level 2.4 Stealth
 - Level 2.6 Spellcasting
 - Level 2.6 Hexes


You had 4 spell levels left.
You knew the following spells:

 Your Spells              Type           Power        Failure   Level  Hunger
a - Corona                Hex            #......      43%         1    N/A

Skill      XL: |  1 |
---------------+----+-----
Fighting       | 1 |  1.0
Short Blades   | |  0.7
Maces & Flails | |  0.6
Dodging        | |  1.5
Stealth        | |  2.4
Spellcasting   | |  2.6
Hexes          | |  2.6

Action                   || total
-------------------------++-------
Melee: Dagger            ||    27
 Cast: Corona            ||     2
Armor: Scale mail        ||     6
Dodge: Dodged            ||    10

Inventory:

Hand Weapons
 a - a +1 dagger (weapon)
 c - a +0 whip
   (You took it off a kobold on level 1 of the Dungeon)
Armour
 b - a +0 robe
 e - a +0 scale mail (worn)
   (You found it on level 1 of the Dungeon)
Scrolls
 d - a scroll of teleportation {unknown}
 f - a scroll of fear {unknown}
 g - a scroll of magic mapping {unknown}
 h - 2 scrolls of identify {unknown}


You were on level 1 of the Dungeon.
You were not hungry.

You visited 1 branch of the dungeon, and saw 2 of its levels.

You collected 35 gold pieces.

Dungeon Overview and Level Annotations

Branches:
Dungeon (2/15)

Altars:

......# ......#
......##########
...............#
.####..........# .#
#..........#
.####..........#####
................K..###.#
..............g.@.......
.####.############..####
.# #.######### .# .#
#.........##### .. ##
######........# ..
#........# ?. #........#
# ##### #...†....#
##...########'#####


You could see a hobgoblin and a kobold.

Notes
Turn   | Place    | Note
-------+----------+-------------------------------------------
     0 | D:1      | theanonym the Mummy Enchanter began the quest for the Orb.
     0 | D:1      | Reached XP level 1. HP: 13/13 MP: 4/4
    43 | D:1      | HP: 7/14 [kobold/whip (1)]
   412 | D:1      | Reached skill level 1 in Fighting
   484 | D:1      | HP: 5/15 [hobgoblin (3)]
   541 | D:1      | HP: 3/15 [hobgoblin (3)]
   587 | D:1      | HP: 2/15 [kobold (3)]
   588 | D:1      | Slain by a kobold

Vanquished Creatures
  A dart slug (D:1)
  A goblin (D:1)
  A hobgoblin (D:1)
  A frilled lizard (D:1)
  A kobold (D:1)
5 creatures vanquished.

Table legend:
 A = Turns spent in this place as a percentage of turns spent in the entire game.
 B = Non-inter-level travel turns spent in this place as a percentage of non-inter-level travel turns spent in the entire game.
 C = Inter-level travel turns spent in this place as a percentage of turns spent in this place.
 D = Turns resting spent in this place as a percentage of non-inter-level travel turns spent in this place.
 E = Turns spent auto-exploring this place as a percentage of non-inter-level travel turns spent in this place.
 F = Non-inter-level travel turns spent in this place divided by the number of levels of this place that you've seen.
                   A       B       C       D       E      F
               +-------+-------+-------+-------+-------+----------------------
         Total | 100.0 | 100.0 |   0.0 |  36.4 |  35.2 | 294.0
       Dungeon | 100.0 | 100.0 |   0.0 |  36.4 |  35.2 | 294.0
               +-------+-------+-------+-------+-------+----------------------
